[Event "Vienna Championship 2022"]
[Site "Vienna"]
[Date "2022.09.23"]
[Round "7.1"]
[White "Atzl, Florian"]
[Black "Schwabeneder, Florian"]
[Result "0-1"]
[ECO "B15"]
[WhiteElo "2155"]
[BlackElo "2417"]
[Annotator "TA"]
[PlyCount "118"]
[EventDate "2022.09.17"]
[EventType "tourn"]
[EventCountry "AUT"]
[SourceTitle "playchess.com"]
[Source "ChessBase"]
[SourceQuality "1"]
[TimeControl "5400+30"]

1. e4 c6 2. d4 d5 3. Nd2 dxe4 4. Nxe4 Nf6 5. Nxf6+ exf6 6. c3 Bd6 7. Bd3 O-O 8. Ne2 Re8 9. O-O {[%emt 0:00:48] B15: Caro-Kann: 3 Nc3: 3...g6 and 3...dxe4 4 Nxe4 Nf6 5 Nxf6+ exf6.} Nd7 10. Bf4 {[%emt 0:06:44] 10.Bf4 is better than 10.Ng3.} Qc7 11. Bxd6 {[%emt 0:04:54] White is slightly better.} Qxd6 12. Ng3 {[%emt 0:00:49] [#]} g6 $146 ({Predecessor:} 12... Nf8 13. Qf3 Be6 14. Ne4 Qc7 15. Rfe1 Rad8 16. Re3 b6 17. Rae1 Ng6 18. b4 h6 19. Nxf6+ {1-0 (19) Felgaer,R (2471)-Bauza,A (2290) Mar del Plata 2001}) 13. Re1 Rxe1+ 14. Qxe1 f5 15. Qe8+ Qf8 16. Re1 Nb6 17. c4 Be6 18. Qxf8+ Kxf8 19. b3 a5 20. a4 Rd8 21. Ne2 Na8 22. f3 Nc7 23. Rd1 Kg7 24. Kf2 Bc8 25. Bb1 Ne6 26. Rd2 f4 27. Ke1 g5 28. Bf5 Kf6 29. Bh3 Ng7 30. Bxc8 Rxc8 $11 {[%emt 0:00:07][%mdl 4096] Endgame KRN-KRN} 31. Nc3 Nf5 (31... Ne6 $11) 32. Ne4+ $16 Kg6 33. d5 $1 Re8 $2 (33... Rc7 $16) 34. Kf2 $2 (34. d6 $18 {and the rest is easy.}) 34... Rd8 {[%emt 0:00:37] [#]} 35. d6 (35. dxc6 $1 $16 Rxd2+ 36. Nxd2 bxc6 37. Ke2) 35... c5 $2 (35... Ng7 $1 $11 {and Black has nothing to worry.}) 36. Rd5 $18 ({Resist} 36. Nxc5 $6 Rxd6 37. Ke2 Nd4+ 38. Rxd4 Rxd4 $16) 36... b6 37. d7 h6 38. Nc3 (38. g3 $16) 38... Kf6 $11 39. Nb5 Ne3 40. Rd6+ Ke7 41. Rxb6 Rxd7 {[%emt 0:00:07] aiming for ...Rd2+.} 42. Ke2 {[%emt 0:00:39] Inhibits Rd2+.} Nxg2 43. Rc6 Kf8 {[%emt 0:04:14] Strongly threatening ...Re7+.} 44. Rxc5 Re7+ 45. Kf2 Ne1 46. Rc8+ Kg7 47. Nd6 $2 (47. Rd8 $11 {and White stays safe.} Re3 48. Nd4 Nd3+ 49. Kg2) 47... Nd3+ $19 48. Kf1 Re1+ 49. Kg2 {[%emt 0:00:02] [#]} Re2+ $1 50. Kg1 Ne5 51. c5 $2 (51. h3 Nxf3+ 52. Kf1) 51... Rc2 52. Rc7 Nxf3+ 53. Kf1 Ne5 {[%emt 0:02:11] ...f3 is the strong threat.} 54. Nf5+ Kg6 55. Ne7+ Kf6 {[%emt 0:00:49] Threatens to win with ...f3.} 56. c6 f3 57. Nd5+ Ke6 58. Ne3 Re2 {[%emt 0:00:41] ( -> ...Nd3)} 59. Nc4 Nd3 {[%emt 0:00:18] What a bad dream for White.  Weighted Error Value: White=0.62/Black=0.21 (precise)} 0-1

[Event "Vienna Championship 2022"]
[Site "Vienna"]
[Date "2022.09.23"]
[Round "7.2"]
[White "Stanec, Nikolaus"]
[Black "Steindl, Johannes"]
[Result "1-0"]
[ECO "C78"]
[WhiteElo "2458"]
[BlackElo "2327"]
[Annotator "TA"]
[PlyCount "117"]
[EventDate "2022.09.17"]
[EventType "tourn"]
[EventCountry "AUT"]
[SourceTitle "playchess.com"]
[Source "ChessBase"]
[SourceQuality "1"]
[TimeControl "5400+30"]

1. e4 e5 2. Nf3 Nc6 3. Bb5 a6 4. Ba4 Nf6 5. O-O b5 6. Bb3 Bc5 7. c3 d6 8. d4 Bb6 9. Be3 $1 {[%emt 0:00:22][%mdl 4] is more profitable than 9.a4 at the moment.} (9. a4 $5 ) 9... O-O {[%emt 0:00:30] C78: Ruy Lopez: Archangelsk and Möller Defences.} 10. Nbd2 Re8 11. Re1 h6 {[%emt 0:02:17] [#] The position is equal.} 12. dxe5 $146 ({Predecessor:} 12. h3 exd4 13. cxd4 Na5 14. Bc2 Bb7 15. Qb1 Nc4 16. Nxc4 bxc4 17. d5 c6 18. Ba4 {½-½ (33) Kubicki,T (2428)-Sutkus,V (2437) ICCF email 2017}) 12... Bxe3 13. exf6 Bxd2 14. Qxd2 {[%emt 0:00:08] aiming for Qd5.} Qxf6 15. Bd5 Bb7 16. a4 (16. Nd4 $14 Na5 17. Bxb7 Nxb7 18. b4) 16... Rab8 $11 17. axb5 axb5 18. h3 Ne5 19. Nxe5 Qxe5 20. Re3 Qg5 21. Ra7 Bxd5 22. Qxd5 Re5 23. Qd4 Rc5 24. Rg3 Qe5 25. Qxe5 dxe5 {[%emt 0:00:10][%mdl 4096] Endgame KRR-KRR} ({Don't take} 25... Rxe5 26. Rxc7 Rxe4 27. Rf3 $16) 26. Rd3 b4 27. cxb4 Rbb5 28. bxc5 $18 Rxc5 29. Ra8+ Kh7 30. Rf8 Rc2 31. Rd4 $2 Rc1+ (31... exd4 $11 32. Rxf7 d3) 32. Kh2 $16 {[%emt 0:00:35] Hoping for Rd7.} exd4 33. Rxf7 {[%emt 0:00:06] KR-KR} c5 34. b3 $1 d3 ({Black should play} 34... Kg8 35. Rf5 g6) 35. Rd7 Rc3 36. Rd5 $1 {[%emt 0:00:06] White is more active.} Kg6 37. f3 Kf6 38. h4 d2 $2 (38... g6 $16 39. Kg3 Ke6) 39. Rxd2 $18 Rxb3 40. Kg3 c4 (40... Ke6 $142 41. Kf4 g6) 41. Kf4 g5+ 42. hxg5+ hxg5+ 43. Kg4 $2 ({Only move:} 43. Kg3 $1 $18) 43... Rd3 {[%emt 0:00:00] Inhibits Rd6+.} 44. Ra2 {[%emt 0:03:17] And now Ra5 would win.} Rd6 45. Ra5 Rc6 $1 46. Rxg5 c3 47. Rh5 {[%emt 0:00:05] White threatens Rh6+ and mate.} Kg7 {[%emt 0:00:18][%mdl 8192] Inhibits Rh6.} (47... Rc8 $11 48. Rh1 c2) 48. Rh1 Rg6+ 49. Kf5 Rxg2 (49... c2 $142 50. Ra1 Rxg2 51. Ra7+ Kf8) 50. Ra1 $1 c2 $2 {[%emt 0:02:09] [#]} (50... Kf8 51. Ra8+ Ke7) 51. Ra7+ $1 Kf8 52. Rc7 Ke8 53. f4 Kd8 54. Rc3 {[%emt 0:00:27] Threatens to win with Ke6.} Ke7 {[%emt 0:00:59] [#]} 55. Ke5 $1 Re2 $2 (55... Rd2 56. Rc7+ Kd8) 56. f5 {[%emt 0:03:24] Strongly threatening Kd4. White is clearly winning.} Rf2 57. Rc4 (57. Kd4 $142 Kd6 58. Kd3) 57... Re2 58. Kd4 Rh2 59. Kd3 {[%emt 0:00:16] Weighted Error Value: White=0.33/Black=0.21 (precise)} 1-0

[Event "Vienna Championship 2022"]
[Site "Vienna"]
[Date "2022.09.23"]
[Round "7.3"]
[White "Peyrer, Konstantin"]
[Black "Vitouch, Anatol"]
[Result "1-0"]
[ECO "E06"]
[WhiteElo "2402"]
[BlackElo "2252"]
[Annotator "TA"]
[PlyCount "111"]
[EventDate "2022.09.17"]
[EventType "tourn"]
[EventCountry "AUT"]
[SourceTitle "playchess.com"]
[Source "ChessBase"]
[SourceQuality "1"]
[TimeControl "5400+30"]

1. d4 d5 2. Nf3 Nf6 3. c4 e6 4. g3 Be7 5. Bg2 O-O 6. O-O c6 7. Qc2 b6 8. Bf4 Bb7 9. Nc3 {[%emt 0:03:27] 9.Nbd2 is the modern continuation. E06: Closed Catalan: Early deviations.} Nh5 10. Bd2 Nf6 11. Rfd1 {[%emt 0:02:16] The position is equal.} Na6 12. a3 Rc8 {[%emt 0:02:07] [#]} 13. Ne5 $146 ({Predecessor:} 13. Bf4 dxc4 14. Ne5 Nd5 15. Nxc4 Nxf4 16. gxf4 Nc7 17. e3 Nd5 18. Rac1 Rc7 19. Ne5 Bd6 20. Ne4 {1-0 (38) Getz,A (2289)-Martirosov,V (2264) ICC INT 2010}) 13... Nd7 14. Nxd7 Qxd7 15. Qa4 {[%emt 0:05:22] cxd5 is the strong threat.} Rfd8 16. Bf4 g5 17. Be3 f5 18. Rac1 h6 19. Bd2 Bf6 20. e3 c5 21. Qxd7 Rxd7 22. cxd5 exd5 23. Bh3 g4 24. Bf1 {[%emt 0:00:07] Hoping for Bd3.} c4 {[%emt 0:02:04] Against Bd3} (24... cxd4 $11 25. exd4 Bxd4) 25. Rb1 (25. b3 $16) 25... Nc7 $14 {[%emt 0:05:19] Prevents Nb5.} 26. b3 Ne8 27. bxc4 dxc4 28. Rdc1 Nd6 29. a4 Rdc7 (29... Bd8 $11) 30. Be1 Be4 (30... Bf3 $14) 31. Rb2 ({White must play} 31. Nxe4 $16 Nxe4 32. Rb5) 31... Kf7 (31... Bc6 $14) 32. a5 b5 33. Nxb5 Nxb5 34. Rxb5 c3 35. Bg2 $1 Ke6 (35... a6 $14 36. Rb6 c2) 36. Bxe4 $16 fxe4 37. Rc2 a6 38. Rb6+ Rc6 39. Rxc3 $1 Kd5 {[%emt 0:00:59] [#]} (39... Kd7 $16 {was necessary.} 40. Rcxc6 Rxc6 41. Rb7+ Rc7) 40. Rxa6 $3 $18 Rxc3 41. Bxc3 {[%emt 0:00:10][%mdl 4096] Endgame KRB-KRB} ({Don't go for} 41. Rxf6 $2 Rc1 42. Kf1 Ra1 43. Rf5+ (43. Rxh6 $2 Rcc1 $19) 43... Kd6 44. Rf6+ Kd7 45. Rf7+ (45. Rxh6 $2 Rcc1 $19) 45... Kd6 46. Rf6+ Kd7 47. Rf7+ (47. Rxh6 $2 Rcc1 $19) 47... Ke6 $19) 41... Be7 42. Bb2 ({But not} 42. Rxh6 $6 Rxc3 43. Rh5+ Kd6 $18) 42... Rb8 {[%emt 0:00:36] [#]} 43. Rb6 (43. Rxh6 $1 $18 {is more deadly.} Rxb2 44. Rh5+ Kc4 45. Re5) 43... Rxb6 $16 44. axb6 {[%emt 0:00:07] Threatens to win with b7. KB-KB} Kc6 45. d5+ ({Better is} 45. b7 $16 Kxb7 46. h3) 45... Kxd5 $2 {[%emt 0:00:12][%mdl 8192] This move loses the game for Black.} (45... Kxb6 $11 46. h3 h5) 46. Bg7 $18 {[%emt 0:00:25] White is clearly winning.} h5 47. b7 Bd6 {[%emt 0:00:11] [#]} 48. Bh6 $1 Kc6 {[%emt 0:00:15] [#]} 49. Bf4 $1 Kxb7 50. Bxd6 {[%emt 0:00:07] KB-K3P} Kc6 51. Bf4 Kd5 52. Kf1 Kc4 53. Ke2 Kc3 54. Be5+ Kc2 55. Bd4 Kc1 56. f4 {[%emt 0:00:05] Weighted Error Value: White=0.21 (precise) /Black=0.26 (precise)} 1-0

[Event "Vienna Championship 2022"]
[Site "Vienna"]
[Date "2022.09.23"]
[Round "7.4"]
[White "Leisch, Lukas"]
[Black "Baumegger, Siegfried"]
[Result "1/2-1/2"]
[ECO "B31"]
[WhiteElo "2409"]
[BlackElo "2447"]
[Annotator "TA"]
[PlyCount "38"]
[EventDate "2022.09.17"]
[EventType "tourn"]
[EventCountry "AUT"]
[SourceTitle "playchess.com"]
[Source "ChessBase"]
[SourceQuality "1"]
[TimeControl "5400+30"]

1. e4 c5 2. Nf3 Nc6 3. Bb5 g6 4. O-O Bg7 5. Re1 Nf6 6. e5 Nd5 7. Nc3 Nc7 8. Bxc6 dxc6 9. Ne4 Ne6 10. d3 O-O 11. Be3 b6 12. Qd2 f5 13. exf6 $1 {[%emt 0:02:18] B31: Sicilian: 2...Nc6 3 Bb5 g6.} exf6 14. Bh6 a5 15. Bxg7 {[%emt 0:13:20] White is slightly better.} Kxg7 16. a4 Ra7 {[%emt 0:03:39] [#] The position is equal.} 17. Re3 $146 ({Predecessor:} 17. Qc3 Nf4 18. d4 Nd5 19. Qb3 f5 20. Ned2 cxd4 21. Nxd4 Qf6 22. N2f3 Nb4 23. Ne6+ Bxe6 24. Rxe6 {1-0 (30) Kveinys,A (2530)-Ramesh,R (2475) Bled 2002}) 17... Re7 18. Rae1 Rfe8 19. Ng3 ({Don't blunder} 19. Nxf6 $2 Kxf6 20. Re5 Kf7 $19) 19... Nd4 {[%emt 0:18:25] An even fight not without its subleties.  Weighted Error Value: White=0.09 (flawless) /Black=0.02 (flawless)} 1/2-1/2

[Event "Vienna Championship 2022"]
[Site "Vienna"]
[Date "2022.09.23"]
[Round "7.5"]
[White "Kruckenhauser, Arthur"]
[Black "Halvax, Georg"]
[Result "1/2-1/2"]
[ECO "C54"]
[WhiteElo "2289"]
[BlackElo "2423"]
[Annotator "TA"]
[PlyCount "60"]
[EventDate "2022.09.17"]
[EventType "tourn"]
[EventCountry "AUT"]
[SourceTitle "playchess.com"]
[Source "ChessBase"]
[SourceQuality "1"]
[TimeControl "5400+30"]

1. e4 e5 2. Nf3 Nc6 3. Bc4 Bc5 4. c3 Nf6 5. d3 O-O 6. O-O d5 7. exd5 Nxd5 8. a4 {[%emt 0:00:07] C54: Giuoco Piano: 4 c3 Nf6, main lines with 5 d4 and 5 d3.} a5 9. Nbd2 Nb6 10. Bb5 Bg4 11. Ne4 Bd6 12. Re1 f5 (12... Na7 $11) 13. Qb3+ $16 Kh8 {[%emt 0:00:59] [#]} 14. Bxc6 $146 {[%emt 0:04:28] [#]} ({Only move:} 14. Nxd6 $16 cxd6 15. Ng5) ({Predecessor:} 14. Nxd6 cxd6 15. Ng5 Qc7 16. Ne6 Qf7 17. Ra3 Rfc8 18. Be3 Nd7 19. Bc4 Qe7 20. f3 {½-½ (40) Navara,D (2693)-Niemann,H (2637) Malmo 2022}) 14... bxc6 $11 15. Bg5 Qd7 ({Black should try} 15... Qb8 $1 $11 16. Nxd6 cxd6) 16. Nxd6 $14 Bxf3 17. Nc4 ({Weaker is} 17. gxf3 Qxd6 18. Bc1 Nd7 $17) 17... Nxc4 18. gxf3 Nb6 (18... Qxd3 $2 19. Rad1 Qxf3 20. Qxc4 $18) 19. Rxe5 Qxd3 20. Kg2 (20. Re3 $5 Qa6 21. Rae1 $14) 20... h6 21. Be3 {[%emt 0:10:46] [#]} (21. Be7 $1 $11 Nc4 22. Rd1) 21... Rf6 (21... Nc4 $1 $17 22. Re7 Qd6 23. Qxc4 Qxe7 24. Qxc6 Rab8) 22. Qd1 $1 $15 Qc4 {[%emt 0:05:52] And now ...Rg6+ would win.} 23. Bxb6 cxb6 24. Qe2 Qh4 25. Kh1 {[%emt 0:01:34] The position is equal.} Rd8 26. Rg1 Kh7 (26... Qxa4 27. Re8+ Kh7 28. Rxd8 Qf4 29. Qe8 Qxf3+ 30. Rg2) 27. Re7 Rg8 28. Qe5 {[%emt 0:04:14] Strongly threatening Rg3.} Qxf2 29. Qxf6 {[%emt 0:00:54][%cal Rg1g7] Active counter play!} Qxf3+ 30. Rg2 Qf1+ {[%emt 0:00:43] Weighted Error Value: White=0.21 (precise) /Black=0.26 (precise)} 1/2-1/2

[Event "Vienna Championship 2022"]
[Site "Vienna"]
[Date "2022.09.24"]
[Round "8.1"]
[White "Schwabeneder, Florian"]
[Black "Halvax, Georg"]
[Result "0-1"]
[ECO "D35"]
[WhiteElo "2417"]
[BlackElo "2423"]
[Annotator "TA"]
[PlyCount "48"]
[EventDate "2022.09.17"]
[EventType "tourn"]
[EventCountry "AUT"]
[SourceTitle "playchess.com"]
[Source "ChessBase"]
[SourceQuality "1"]
[TimeControl "5400+30"]

1. d4 d5 2. Nf3 Nf6 3. c4 e6 4. cxd5 exd5 5. Nc3 c6 6. Bf4 Bd6 7. Bxd6 Qxd6 8. e3 O-O {[%emt 0:01:30] D35: Queen's Gambit Declined: Exchange Variation.} 9. Bd3 Bg4 10. h3 Bh5 {[%emt 0:00:59] The position is equal.} 11. g4 Bg6 12. Bxg6 fxg6 {[%emt 0:04:07] [#]} 13. g5 $146 ({Predecessor:} 13. Ne5 c5 14. g5 Nfd7 15. f4 Nc6 16. dxc5 Qxc5 17. Nxd7 Qxe3+ 18. Qe2 Qg3+ 19. Qf2 {1-0 (47) Jambrich,J (2233)-Hudak,D (2237) ICCF email 2010}) 13... Nfd7 14. Qe2 Qe6 15. h4 Qf5 16. Nh2 Na6 17. f4 c5 {[%emt 0:05:25] [#] White must now prevent ...cxd4.} 18. Nf3 Nb4 {[%emt 0:02:24] ...Nd3+ is the strong threat.} 19. Rh2 $2 {[%emt 0:24:54][%mdl 8192] This costs White the game.} (19. Rd1 $11 {and White is okay.}) 19... Nd3+ $19 20. Kf1 Rae8 {[%emt 0:05:11] Strongly threatening ...Nxf4.} 21. Qd2 Qg4 22. Ne1 $2 {[%emt 0:03:35] [#]} (22. Rf2 Qh3+ 23. Kg1 Qg3+ 24. Rg2 Qxf3 25. Qxd3) 22... Nxf4 $1 {[%emt 0:07:42][%mdl 512] Black is clearly winning.} 23. exf4 Rxf4+ 24. Rf2 Rxf2+ {[%emt 0:00:08] Weighted Error Value: White=0.75/Black=0.15 (very precise)} 0-1

[Event "Vienna Championship 2022"]
[Site "Vienna"]
[Date "2022.09.24"]
[Round "8.2"]
[White "Baumegger, Siegfried"]
[Black "Kruckenhauser, Arthur"]
[Result "0-1"]
[ECO "A37"]
[WhiteElo "2447"]
[BlackElo "2289"]
[Annotator "TA"]
[PlyCount "62"]
[EventDate "2022.09.17"]
[EventType "tourn"]
[EventCountry "AUT"]
[SourceTitle "playchess.com"]
[Source "ChessBase"]
[SourceQuality "1"]
[TimeControl "5400+30"]

1. Nf3 c5 2. c4 Nc6 3. Nc3 e5 4. g3 g6 5. Bg2 Bg7 6. O-O Nge7 7. a3 O-O 8. Rb1 a5 9. d3 d6 10. Bg5 f6 11. Be3 {[%emt 0:00:14] A37: Symmetrical English vs ...g6: 4 Bg2 Bg7 5 Nf3.} Be6 12. Ne1 Rb8 {[%emt 0:06:31] is the legacy move (12...b6).} 13. Nc2 {[%emt 0:00:45] The position is equal.} b6 14. b4 d5 15. cxd5 Nxd5 ({Black should try} 15... cxb4 $14 16. dxe6 (16. axb4 Nxd5 17. Bxd5 Bxd5 $11) 16... bxc3) 16. Bxd5 $16 Bxd5 17. bxc5 bxc5 {[%emt 0:02:59] [#]} 18. Rxb8 $146 ({Predecessor:} 18. Bxc5 Rf7 19. Rxb8 Nxb8 20. Bb6 Qxb6 21. Nxd5 Qc5 22. Qb1 Qxd5 23. Qxb8+ Bf8 24. Rb1 {1-0 (41) Udani,I (2272)-Wong,Y (2138) Penang 2016}) 18... Nxb8 19. Bxc5 Re8 {[%emt 0:08:28] [#]} 20. Bb6 $1 Qxb6 21. Nxd5 Qc5 22. Nde3 {[%emt 0:06:28] Pair of Knights!} Nc6 23. Qb1 Nd4 (23... f5 $16) 24. Nxd4 exd4 25. Qa2+ Kh8 26. Nc4 h5 27. Qd2 Bf8 (27... Qg5 $16) 28. Rb1 $18 Qf5 (28... Kh7 $142 29. a4 (29. Nxa5 Qxa3 30. Nc4 Qa6 $16) 29... Qc6 30. Qxa5 Rxe2) 29. Rb2 h4 30. a4 h3 31. Qxa5 $4 {[%emt 0:03:45][%mdl 8192] [#]} (31. Rb5 $18 Qe6 32. Kf1 (32. Nxa5 Qxe2 33. Qxe2 Rxe2 $14)) 31... Rxe2 $3 {[%emt 0:01:11][%mdl 512] Quite a comeback for Black.  Weighted Error Value: White=0.43/Black=0.27 (precise)} 0-1

[Event "Vienna Championship 2022"]
[Site "Vienna"]
[Date "2022.09.24"]
[Round "8.3"]
[White "Vitouch, Anatol"]
[Black "Leisch, Lukas"]
[Result "1/2-1/2"]
[ECO "D11"]
[WhiteElo "2252"]
[BlackElo "2409"]
[Annotator "TA"]
[PlyCount "91"]
[EventDate "2022.09.17"]
[EventType "tourn"]
[EventCountry "AUT"]
[SourceTitle "playchess.com"]
[Source "ChessBase"]
[SourceQuality "1"]
[TimeControl "5400+30"]

1. d4 Nf6 2. Nf3 d5 3. g3 Bf5 4. Bg2 h6 5. O-O e6 6. c4 c6 7. Nc3 Be7 8. Nd2 Nbd7 9. e4 dxe4 10. Ndxe4 Nxe4 11. Nxe4 O-O 12. Be3 Nf6 {[%emt 0:16:19] D11: Slav Defence: 3 Nf3 sidelines and 3...Nf6 4 e3 Bg4.} 13. Nc3 {[%emt 0:05:14] 13.Nxf6+ deserves study.} Qa5 14. a3 Rfd8 15. b4 Qc7 {[%emt 0:01:08] [#]} 16. h3 $146 ({Predecessor:} 16. Qe2 Rac8 17. Rfc1 Qd7 18. h3 b6 19. Rd1 Qe8 20. Bf4 Rd7 21. g4 Bg6 22. Ra2 {1-0 (73) Matnadze,A (2422)-Exler,V (2103) Istanbul 2012}) 16... e5 17. d5 cxd5 18. Nxd5 Nxd5 19. cxd5 Qd7 20. g4 Bg6 21. Qe2 Bd6 22. Rac1 Re8 23. Rfd1 h5 ({Black should play} 23... e4 $11) 24. Rc4 (24. gxh5 $14 Bf5 25. Bc5) 24... hxg4 $11 25. hxg4 a5 26. Bc5 axb4 27. Bxb4 Bxb4 28. axb4 Qd6 29. Qe3 Ra4 30. f4 {[%emt 0:08:15] Threatens to win with fxe5.} f6 ({Don't do} 30... Rxb4 31. fxe5 Qf8 32. Rf4 $16) 31. f5 Bf7 32. Qc3 Qb6+ 33. Kf1 (33. Kh2 $1 $11) 33... Qa6 {[%emt 0:01:37] And now ...Ra3 would win.} 34. Kg1 $1 Ra3 35. Qc1 {[%emt 0:00:16] [#]} Qb6+ (35... Ra1 $1 $15 36. Qxa1 Qxc4) 36. Rc5 $2 (36. Kh2 $1 $11 Ra2 37. Rd2 Rxd2 38. Qxd2) 36... Qxb4 (36... Rg3 $142 37. Qc4 e4) 37. Rc7 $2 (37. d6 $17 Ra1 38. Qxa1 Qxc5+ 39. Kh2) 37... Rg3 38. d6 $2 (38. Qc4 Qb2 39. Qc2 Qb6+ 40. Kh2 Rxg4 41. Rc3) 38... Bd5 $2 39. Rxd5 {[%emt 0:02:02] Dancing on a razor blade. The position is equal.} Rxg2+ $1 {[%emt 0:00:04][%mdl 64] Decoy} 40. Kxg2 {[%emt 0:00:06] Hoping for Qc4.} Qe4+ 41. Kh2 {[%emt 0:01:02] Intending d7 and mate.} Qxd5 42. Rc8 Rxc8 43. Qxc8+ Kh7 {[%emt 0:00:05] aiming for ...Qd2+.} 44. d7 Qd2+ 45. Kg1 Qd1+ 46. Kf2 {[%emt 0:00:28] Weighted Error Value: White=0.39/Black=0.28 (precise)} 1/2-1/2

[Event "Vienna Championship 2022"]
[Site "Vienna"]
[Date "2022.09.24"]
[Round "8.4"]
[White "Steindl, Johannes"]
[Black "Peyrer, Konstantin"]
[Result "0-1"]
[ECO "B00"]
[WhiteElo "2327"]
[BlackElo "2402"]
[Annotator "TA"]
[PlyCount "64"]
[EventDate "2022.09.17"]
[EventType "tourn"]
[EventCountry "AUT"]
[SourceTitle "playchess.com"]
[Source "ChessBase"]
[SourceQuality "1"]
[TimeControl "5400+30"]

1. e4 Nc6 2. d4 d5 3. e5 Bf5 4. Nf3 e6 5. c3 h6 6. Bd3 {[%emt 0:00:00] B00: Queen's Fianchetto Defence, Nimzowitsch Defence.} Nge7 7. Na3 {[%emt 0:00:00] [#]} Bxd3 $146 ({Predecessor:} 7... a6 8. O-O b5 9. Nc2 Na5 10. Ne3 Bxd3 11. Qxd3 Nc4 12. b3 Nb6 13. Ba3 Ng6 14. Bxf8 Nxf8 {1-0 (54) Rieder,J (1803)-Tsybulevsky,J (1676) Ditzingen 2014}) 8. Qxd3 {[%emt 0:00:00] White is slightly better.} Nf5 9. Nc2 h5 10. h4 Be7 11. g3 f6 12. Ne3 Nxe3 13. Bxe3 Kd7 14. O-O-O Qg8 15. Rhe1 fxe5 16. dxe5 Rf8 17. Nd4 Nxd4 (17... Nxe5 $2 18. Qb5+ Kc8 19. Bf4 $18) 18. Qxd4 Ra8 19. c4 c5 $2 (19... c6 $16) 20. Qd3 $2 ({Only move:} 20. Qe4 $1 $18 Kc6 21. cxd5+ exd5 22. Qa4+ Kc7 23. e6) 20... d4 $11 {[%emt 0:00:37] [#]} 21. Bxd4 $1 cxd4 22. Qxd4+ Ke8 23. Qd7+ (23. Re3 $1 $14 Rd8 24. Qxa7 Rxd1+ 25. Kxd1) 23... Kf7 $1 $15 {[%emt 0:00:08] aiming for ...Qc8.} 24. Re4 ({Don't play} 24. Qxb7 Qc8 25. Rd7 Qxb7 26. Rxb7 Rhb8) 24... g5 {[%emt 0:02:54] Inhibits Rf4+. Strongly threatening ...Rd8.} 25. Rd3 {[%emt 0:00:00] [#] White wants to mate with Rf3+.} Rh7 {[%emt 0:01:09][%cal Bh8h7,Bh7f7,Bf7f3][%mdl 32] ...Rd8 is the strong threat.} 26. hxg5 $2 ({Avoid the trap} 26. Rd6 $2 Kf8 27. Qxb7 Re8 $19) (26. Qxb7 $17 Qc8 27. Qxc8 Rxc8 28. hxg5) 26... Rd8 $19 27. Rf3+ Kg6 28. Qa4 Bxg5+ 29. Kb1 Rf7 30. Qb3 Rxf3 31. Qxf3 Qf7 32. Qe2 (32. Qxf7+ Kxf7 33. f4) 32... Rd2 {[%emt 0:00:09] What a bad dream for White.  Weighted Error Value: White=0.75/Black=0.14 (very precise)} 0-1

[Event "Vienna Championship 2022"]
[Site "Vienna"]
[Date "2022.09.24"]
[Round "8.5"]
[White "Atzl, Florian"]
[Black "Stanec, Nikolaus"]
[Result "0-1"]
[ECO "B06"]
[WhiteElo "2155"]
[BlackElo "2458"]
[Annotator "TA"]
[PlyCount "62"]
[EventDate "2022.09.17"]
[EventType "tourn"]
[EventCountry "AUT"]
[SourceTitle "playchess.com"]
[Source "ChessBase"]
[SourceQuality "1"]
[TimeControl "5400+30"]

1. e4 g6 2. d4 Bg7 3. Be2 c5 4. dxc5 Na6 5. Bxa6 Qa5+ 6. c3 {[%emt 0:00:23] B06: Modern Defence.} (6. Nc3 $5 bxa6 7. Nge2 $14) 6... Qxa6 7. Be3 {[%emt 0:03:50] [#]} Qc6 $146 (7... b6 $1 $11 {keeps the balance.}) ({Predecessor:} 7... b6 8. cxb6 axb6 9. Ne2 Bb7 10. f3 Nf6 11. O-O O-O 12. Nd4 e5 13. Nc2 d5 {1-0 (35) Puranen,J (2310)-Ristoja,T (2260) Finland 1994}) 8. f3 $16 {[%emt 0:02:16] White is better.} b6 9. cxb6 axb6 10. Ne2 Ba6 11. Nd4 Qb7 12. Na3 Nf6 13. Nac2 (13. c4 $14) 13... e5 $11 14. Ne2 (14. Nb3 $1 $11) 14... d5 $15 15. Bg5 O-O-O 16. exd5 {[%emt 0:05:51] Black continues to play with concentration.} (16. O-O $11) 16... Rxd5 $17 17. Qc1 e4 $1 $36 {[%emt 0:07:43][%mdl 2048] Black is on the roll. Black is more active.} 18. f4 {[%emt 0:01:03] [#]} (18. c4 $17 {was called for.} Rc5 19. Ng3 exf3 20. O-O) 18... e3 $1 $19 19. c4 $2 (19. Nxe3 Re8 20. O-O) 19... Rd2 ({Not} 19... Rxg5 20. fxg5 Qxg2 21. Rf1 Qxh2 22. Qxe3 $17 (22. gxf6 $2 Qh4+ 23. Kd1 Rd8+ 24. Ncd4 Rxd4+ 25. Nxd4 Qxd4+ 26. Kc2 Bxc4 $19)) 20. Nxe3 {[%emt 0:04:45] [#]} Rxe2+ 21. Kxe2 {[%emt 0:00:38] Threatens to win with Re1.} Re8 22. Kf1 $2 ({Wrong is} 22. Kf2 $2 Ne4+ 23. Ke2 Nxg5 $19) (22. Kd1 {nothing else works.} Qe4 23. Bxf6 Bxf6 24. Re1 Rd8+ 25. Nd5 Qd4+ 26. Qd2 Qxd2+ 27. Kxd2 Bxc4 28. Rac1 Rxd5+ 29. Ke3 Bd4+ 30. Kf3) 22... Qe4 {[%emt 0:02:06] ( -> ...Ng4)} 23. Qd2 $2 (23. Kf2 Qxe3+ 24. Qxe3 Ng4+ 25. Kg3 Nxe3 26. Rae1) 23... Ng4 {[%emt 0:13:07][%mdl 64] Deflection} 24. Nxg4 Qxc4+ 25. Kf2 Re2+ 26. Qxe2 Qxe2+ 27. Kg3 h5 28. Rac1+ Kb8 29. Nh6 Bb7 30. Rhg1 Qe3+ (30... f6 $142 31. Rce1 Qd3+ 32. Kh4 fxg5+ 33. fxg5 Qd2) 31. Kh4 f6 {[%emt 0:00:19] Weighted Error Value: White=1.16/Black=0.39} 0-1